 Dungeon Crawl Stone Soup version 0.28-a0-1227-ga9037bb4c8 (webtiles) character file.

Game seed: 1388685711442758266

9846 wakim the Zephyrmancer (level 11, 0/67 HPs)
             Began as a Tengu Air Elementalist on Dec 21, 2021.
             Was a High Priest of Zin.
             Slain by an eight-headed hydra (15 damage)
             ... on level 1 of the Lair of Beasts on Dec 22, 2021.
             The game lasted 00:58:54 (11556 turns).

wakim the Zephyrmancer (Tengu Air Elementalist)    Turns: 11556, Time: 00:58:55

Health: 0/67       AC:  6    Str:  8    XL:     11   Next: 52%
Magic:  30/30      EV: 18    Int: 26    God:    Zin [*****.]
Gold:   499        SH:  0    Dex: 15    Spells: 9/22 levels left

rFire   . . .      SeeInvis .   a - staff of air
rCold   . . .      Faith    .   (no shield)
rNeg    . . .      Spirit   .   K - +2 robe {Will+}
rPois   .          Reflect  .   (helmet restricted)
rElec   +          Harm     .   D - +0 cloak
rCorr   .          Rampage  .   C - +0 pair of gloves
Will    +....                   (boots unavailable)
Stlth   ++........              f - amulet of the acrobat
HPRegen 0.21/turn               L - ring of magical power
MPRegen 0.22/turn               Z - +6 ring of intelligence

@: flying quickly and evasively, quick
A: beak, talons 3, nimble flight
a: Renounce Religion, Recite, Vitalisation, Imprison, Sanctuary, Donate Gold


You were on level 1 of the Lair of Beasts.
You worshipped Zin.
Zin was extremely pleased with you.
You visited 3 branches of the dungeon, and saw 11 of its levels.

You collected 1603 gold pieces.
You spent 995 gold pieces at shops.
You donated 109 gold pieces to Zin.

Inventory:

Hand Weapons
 b - a +2 long sword of holy wrath
 W - a +5 dagger of protection
Missiles
 J - a throwing net {=f!f}
 O - 4 curare-tipped darts {=f}
Armour
 C - a +0 pair of gloves (worn)
 D - a +0 cloak (worn)
 K - a +2 robe of willpower (worn)
 P - a +3 leather armour of fire resistance
Magical Staves
 a - a staff of air (weapon)
Jewellery
 f - an amulet of the acrobat (around neck)
 z - an amulet of regeneration
 E - the ring "Ucoanor" {rC+ Will+}
   (You acquired it on level 7 of the Dungeon)

   [ring of protection from cold]

   rC:        It protects you from cold.
   Will:      It increases your willpower.
 G - a ring of resist corrosion
 L - a ring of magical power (left hand)
 Z - a +6 ring of intelligence (right hand)
Wands
 t - a wand of digging (9)
 v - a wand of flame (32)
 x - a wand of iceblast (7)
 y - a wand of paralysis (4)
Scrolls
 I - 2 scrolls of brand weapon
 Q - 6 scrolls of immolation {!r!r}
 R - 4 scrolls of magic mapping {!r}
 S - 2 scrolls of summoning
 T - 3 scrolls of teleportation
 U - a scroll of fear
 V - 2 scrolls of vulnerability {!r!r}
 X - a scroll of fog
 Y - 3 scrolls of blinking {!r}
Potions
 A - a potion of ambrosia
 B - 2 potions of attraction {!q}
 F - 2 potions of curing
 H - 2 potions of haste
 N - 2 potions of might


   Skills:
 + Level 7.0 Fighting
 - Level 3.0 Short Blades
 - Level 0.9(2.1) Long Blades
 + Level 6.4 Dodging
 - Level 2.0 Stealth
 - Level 6.0 Spellcasting
 - Level 10.0 Conjurations
 - Level 12.0 Air Magic
 - Level 3.0 Poison Magic
 - Level 5.0 Invocations
 + Level 3.4 Evocations


You had 9 spell levels left.
You knew the following spells:

 Your Spells              Type           Power      Damage    Failure   Level
a - Shock                 Conj/Air       100%       1d9       1%          1
b - Airstrike             Air            40%        N/A       1%          4
d - Static Discharge      Conj/Air       78%        N/A       1%          2
f - Mephitic Cloud        Conj/Pois/Air  67%        N/A       1%          3
s - Swiftness             Air            81%        N/A       1%          3

Your spell library contained the following spells:

 Spells                   Type           Power      Damage    Failure   Level
 Magic Dart               Conj           100%       1d8       1%          1
 Poisonous Vapours        Pois/Air       100%       N/A       1%          2
 Stone Arrow              Conj/Erth      66%        3d11      2%          3
 Sting                    Tmut/Pois      60%        1d6       3%          1
 Apportation              Tloc           14%        N/A       7%          1
 Pain                     Necr           28%        1d5       7%          1
 Sandblast                Erth           14%        2d6       7%          1
 Slow                     Hex            28%        N/A       7%          1
 Call Imp                 Summ           7%         N/A       11%         2
 Passwall                 Tmut/Erth      5%         N/A       11%         2
 Conjure Ball Lightning   Conj/Air       39%        3x3d13    12%         6
 Confusing Touch          Hex            7%         N/A       21%         3
 Gell's Gravitas          Tloc           7%         N/A       21%         3
 Lesser Beckoning         Tloc           7%         N/A       21%         3
 Teleport Other           Tloc           7%         N/A       21%         3
 Vampiric Draining        Necr           7%         2d6       21%         3
 Olgreb's Toxic Radiance  Pois           23%        N/A       21%         4
 Alistair's Intoxication  Tmut/Pois      10%        N/A       71%         5
 Agony                    Necr           7%         N/A       88%         5
 Excruciating Wounds      Necr           3%         N/A       88%         5
 Discord                  Hex            3%         N/A       100%        8
 Disjunction              Tloc           3%         N/A       100%        8


Dungeon Overview and Level Annotations

Branches:
Dungeon (9/15)             Temple (1/1) D:4            Lair (1/6) D:8
    Orc: D:9-12

Altars:
Ashenzari
Cheibriados
Dithmenos
Elyvilon
Fedhas
Gozag
Kikubaaqudgha
Makhleb
Nemelex Xobeh
Okawaru
Qazlal
Ru
Sif Muna
Trog
Uskayaw
Vehumet
Wu Jian
Xom
Yredelemnul
Zin
The Shining One

Shops:
D:7 (??:(   D:8 :


Innate Abilities, Weirdness & Mutations

You have a beak for a mouth.
You have claws for feet.
Your magical nature lets you fly swiftly and evasively.


Message History

You feel sick.
You feel sick.
You feel sick.
You start to feel a little slower.
You feel sick.
You are no longer poisoned.
You pay a tithe of 1 gold.
You now have 499 gold pieces (gained 6).
An eight-headed hydra comes into view.
The eight-headed hydra roars!
You hear a horrible gurgling sound!
You feel sluggish.
You start to feel a little faster.
You no longer feel sluggish.
The eight-headed hydra barely misses you.
The eight-headed hydra completely misses you. x2
The eight-headed hydra bites you!
* * * LOW HITPOINT WARNING * * *
The eight-headed hydra completely misses you.
The eight-headed hydra bites you!
* * * LOW HITPOINT WARNING * * *
The eight-headed hydra bites you!
* * * LOW HITPOINT WARNING * * *
The eight-headed hydra misses you.
There is a staircase back to the Dungeon here.
You fly upwards.
Welcome back to the Dungeon!
There is a staircase to the Lair here.
You start resting.
Magic restored.
HP restored.
You fly downwards.
Welcome back to the Lair of Beasts!
The eight-headed hydra misses you. The eight-headed hydra bites you! x2
The eight-headed hydra bites you.
The eight-headed hydra barely misses you.
The eight-headed hydra bites you!
* * * LOW HITPOINT WARNING * * *
The eight-headed hydra bites you!
* * * LOW HITPOINT WARNING * * *
The eight-headed hydra barely misses you.
The eight-headed hydra bites you!
You die...

##...###..........#
###....##[..##....#
.##...###....##...#
......###...###...#
.......##...# #...#
#.....###.###
#...## .##...P##.#
#....# ###...#####
#...##
##....###.#####D@.#
.##...##..>..##...#
###...###..[###.###
##...# #...# ###
##.(..# #...# #.#
#.#..## #...# #.###
....## ##...###...#
...#####....##.#..#
..## #......###..##


You could see an eight-headed hydra.

Vanquished Creatures
  2 centaur warriors (D:9)
  An ugly thing (D:7)
  Maurice (D:9)
  Joseph (D:8)
  Maggie (D:7)
  2 cane toads (Lair:1)
  A troll (D:8)
  A hornet (D:7)
  Prince Ribbit (D:9)
  12 yaks
  A wraith (D:9)
  A wyvern (D:5)
  A basilisk (Lair:1)
  Edmund (D:5)
  2 vampire mosquitoes (D:9)
  3 water moccasins
  Duvessa (D:4)
  An orc warrior (D:8)
  A black bear (D:5)
  A necrophage (D:5)
  2 centaurs
  2 ogres
  4 wolves (D:8)
  3 kobold brigands
  Blork the orc (D:4)
  4 bullfrogs
  2 scorpions
  Dowan (D:4)
  4 killer bees (D:9)
  10 wights
  A howler monkey (D:5)
  2 electric eels (D:8)
  2 bullfrog zombies
  2 centaur zombies
  A jelly (D:6)
  A gnoll shaman (D:8)
  An orc priest (D:9)
  5 hounds
  3 iguanas
  8 orc wizards
  A statue (D:6)
  A killer bee zombie (D:8)
  A hound zombie (D:5)
  2 hound skeletons
  2 howler monkey skeletons (D:6)
  5 gnolls (D:8)
  6 adders
  3 ufetubi
  An adder zombie (D:4)
  4 dart slugs
  24 orcs
  6 ball pythons
  5 endoplasms
  3 goblins (D:2)
  3 jackals (D:1)
  2 quokkas
  5 bats
  6 frilled lizards
  22 kobolds
  10 rats
207 creatures vanquished.

Vanquished Creatures (others)
  4 fungi (Lair:1)
  A plant (Lair:1)
5 creatures vanquished.

Grand Total: 212 creatures vanquished

Notes
Turn   | Place    | Note
-------+----------+-------------------------------------------
     0 | D:1      | wakim the Tengu Air Elementalist began the quest for the
                  | Orb.
     0 | D:1      | Reached XP level 1. HP: 10/10 MP: 4/4
   145 | D:1      | Reached XP level 2. HP: 15/15 MP: 4/6
   278 | D:1      | Found a faded altar of an unknown god.
   307 | D:1      | Learned a level 2 spell: Static Discharge
   918 | D:2      | Reached XP level 3. HP: 19/19 MP: 2/7
  1882 | D:3      | Noticed a bullfrog
  1887 | D:3      | Killed a bullfrog
  1888 | D:3      | Reached skill level 5 in Air Magic
  1888 | D:3      | Reached XP level 4. HP: 11/24 MP: 9/9
  1888 | D:3      | Gained mutation: Your magical nature lets you fly swiftly
                  | and evasively. [Tengu growth]
  1888 | D:3      | Reached XP level 5. HP: 13/28 MP: 9/10
  1928 | D:3      | Learned a level 3 spell: Swiftness
  2440 | D:3      | Noticed a black bear
  2548 | D:3      | Learned a level 4 spell: Airstrike
  2799 | D:4      | Noticed an ogre
  2863 | D:4      | Noticed Dowan
  2898 | D:4      | Noticed Blork the orc
  2927 | D:4      | Killed Blork the orc
  2928 | D:4      | Reached XP level 6. HP: 32/32 MP: 10/12
  3056 | D:4      | Noticed Duvessa
  3181 | D:4      | Reached skill level 6 in Air Magic
  3206 | D:4      | Found an opulent altar of Gozag.
  3317 | D:4      | Found a basalt altar of Yredelemnul.
  3399 | D:4      | Found a staircase to the Ecumenical Temple.
  3408 | Temple   | Entered the Ecumenical Temple
  3503 | Temple   | Became a worshipper of Zin the Law-Giver
  3503 | Temple   | Reached * piety under Zin
  3663 | D:4      | Reached skill level 5 in Conjurations
  3781 | D:5      | Entered Level 5 of the Dungeon
  3882 | D:5      | Noticed a necrophage
  3899 | D:5      | Killed a necrophage
  3900 | D:5      | Reached skill level 7 in Air Magic
  3900 | D:5      | Reached XP level 7. HP: 31/36 MP: 14/14
  4211 | D:5      | Reached skill level 8 in Air Magic
  4211 | D:5      | Reached skill level 1 in Invocations
  4316 | D:5      | Reached ** piety under Zin
  4321 | D:5      | Noticed a yak
  4472 | D:5      | Noticed a yak
  4473 | D:5      | Noticed a yak
  4494 | D:5      | Killed a yak
  4495 | D:5      | Reached XP level 8. HP: 41/41 MP: 15/15
  4496 | D:5      | Killed a yak
  4498 | D:5      | Noticed a yak
  4498 | D:5      | Noticed a yak
  4498 | D:5      | Noticed a yak
  4523 | D:5      | Killed a yak
  4524 | D:5      | Killed a yak
  4525 | D:5      | Reached skill level 5 in Invocations
  4549 | D:5      | Killed a yak
  4564 | D:5      | Killed a yak
  4757 | D:5      | Noticed a wyvern
  4767 | D:5      | Noticed Edmund
  4779 | D:5      | Killed Edmund
  4780 | D:5      | Reached skill level 9 in Air Magic
  4780 | D:5      | Reached XP level 9. HP: 20/45 MP: 15/17
  4818 | D:5      | Reached skill level 5 in Spellcasting
  5065 | D:5      | Found a shadowy altar of Dithmenos.
  5794 | D:6      | Reached skill level 10 in Air Magic
  5816 | D:6      | Reached *** piety under Zin
  5886 | D:6      | Found a radiant altar of Vehumet.
  6019 | D:6      | Found an ancient bone altar of Kikubaaqudgha.
  6072 | D:6      | Reached skill level 1 in Fighting
  6072 | D:6      | Reached skill level 1 in Short Blades
  6406 | D:4      | Killed Duvessa
  6408 | D:4      | Killed Dowan
  6597 | D:7      | Noticed a red ugly thing
  6619 | D:7      | Found Yzuzefej's Magic Scroll Shoppe.
  6627 | D:7      | Bought a scroll of identify for 24 gold pieces
  6627 | D:7      | Bought 2 scrolls of identify for 48 gold pieces
  6627 | D:7      | Bought a scroll of fog for 24 gold pieces
  6648 | D:7      | Found Qiuvol's Book Shoppe.
  6649 | D:7      | Noticed Maggie
  6654 | D:7      | Killed Maggie
  6756 | D:7      | Found Cebbajy's Antique Weapon Boutique.
  6767 | D:7      | Found an iron altar of Okawaru.
  6775 | D:7      | Reached XP level 10. HP: 55/56 MP: 20/20
  7112 | D:7      | Found Raxianim's Magic Scroll Boutique.
  7119 | D:7      | Learned a level 3 spell: Mephitic Cloud
  7170 | D:7      | Bought a scroll of fear for 49 gold pieces
  7170 | D:7      | Bought a scroll of identify for 28 gold pieces
  7170 | D:7      | Bought a scroll of identify for 28 gold pieces
  7170 | D:7      | Bought a scroll of identify for 28 gold pieces
  7170 | D:7      | Bought a scroll of identify for 28 gold pieces
  7216 | D:7      | You are sucked into a shaft and drop 2 floors!
  7230 | D:9      | Reached skill level 5 in Dodging
  7348 | D:9      | Reached skill level 5 in Fighting
  7590 | D:9      | Reached skill level 1 in Poison Magic
  7612 | D:9      | Noticed Prince Ribbit
  7648 | D:8      | Found Tolonn's Book Shop.
  7659 | D:9      | Killed Prince Ribbit
  7761 | D:8      | Noticed Joseph
  7792 | D:9      | Reached **** piety under Zin
  7953 | D:9      | Upgraded the game from 0.28-a0-1213-g0243856f03 to
                  | 0.28-a0-1227-ga9037bb4c8
  8121 | D:9      | Noticed Maurice
  8127 | D:9      | Killed Maurice
  8287 | D:9      | Noticed a death knight
  8310 | D:8      | Found a shimmering blue altar of Sif Muna.
  8374 | D:8      | Killed Joseph
  8375 | D:8      | Reached skill level 11 in Air Magic
  8786 | D:8      | Reached XP level 11. HP: 49/64 MP: 8/21
  8793 | D:8      | Found a staircase to the Lair.
  8850 | D:8      | Reached skill level 10 in Conjurations
  9167 | D:8      | Reached skill level 12 in Air Magic
  9421 | D:8      | Reached ***** piety under Zin
  9591 | D:7      | Bought a scroll of summoning for 114 gold pieces
  9591 | D:7      | Identified 2 scrolls of acquirement
  9591 | D:7      | Acquired 1036 gold pieces
  9593 | D:7      | Bought a scroll of acquirement for 624 gold pieces
  9593 | D:7      | Acquired the ring "Ucoanor" {rC+ Will+}
  9595 | D:7      | Acquired a staff of air
  9951 | D:7      | Found Puleopryro's Weapon Shoppe.
  9995 | D:7      | Killed a red ugly thing
  9996 | D:7      | Reached skill level 1 in Evocations
 10260 | D:9      | Noticed a centaur warrior
 10272 | D:9      | Killed a centaur warrior
 10675 | D:9      | Noticed a centaur warrior
 10682 | D:9      | Killed a centaur warrior
 10805 | D:9      | Noticed a white ugly thing
 10942 | Lair:1   | Entered Level 1 of the Lair of Beasts
 11278 | Lair:1   | Noticed an eight-headed hydra
 11556 | Lair:1   | Slain by an eight-headed hydra

Illustrated notes

Levels and vault maps discovered:
D:1:      amcnicky_arrival_gap_in_the_tavern_cellar, layout_loops_ring,
          chequers_ecumenical_altar_simple
D:2:      layout_loops_ring
D:3:      layout_basic, chequers_serial_rivers_micro_a, hex_tiny,
          corexii_hall_statues_u, chequers_arboretum
D:4:      layout_basic, grunt_gozag_statues, lemuel_zombie_altar_yredelemnul,
          minmay_temple_entry_antechambers, nrook_mini_backslash,
          nicolae_concentric_dashed_squares_wild, uniq_blork_the_orc,
          uniq_duvessa
D:5:      layout_basic, lemuel_doored_altar, uniq_edmund
D:6:      layout_loops_corners, kiku_gazebo_garden_becter, vehumet_statue
D:7:      layout_gridville, okawaru_metal_pillars_1_2, serial_shops,
          nicolae_shop_advertising_works [nicolae_subvault_shop_adworks],
          nicolae_shop_competitors_out_of_business, shop,
          nicolae_shop_hallway_plus, nicolae_diamond_shop, uniq_maggie
D:8:      layout_basic, nicolae_sif_muna_condensation, erik_lair_island,
          nicolae_stop_n_shop_1, kennysheep_cross_bottleneck, uniq_joseph
D:9:      layout_roguey, kb_rosetta, uniq_prince_ribbit1, uniq_maurice
Temple:   eino_temple_lava
Lair:1:   layout_concentric_octagons, grunt_megastairs_4, uniq_gastronok

Skill      XL: |  1  2  3  4  5  6  7  8  9 10 11 |
---------------+----------------------------------+-----
Conjurations   | 2 3 4 5 6 7 8 9 10 | 10.0
Spellcasting   | 3 4 6 |  6.0
Air Magic      | 5 7 8 9 10 11 12 | 12.0
Invocations    | 3 5 |  5.0
Fighting       | 3 6 7 |  7.0
Short Blades   | 3 |  3.0
Dodging        | 4 5 6 |  6.4
Poison Magic   | 3 |  3.0
Evocations     | 3 |  3.4
Long Blades    | |  0.9
Stealth        | |  2.0

Action                   |  1- 3 |  4- 6 |  7- 9 | 10-12 || total
-------------------------+-------+-------+-------+-------++-------
Melee: Dagger            |     8 |     1 |    21 |       ||    30
       Kick              |       |     1 |    10 |    11 ||    22
       Falchion          |       |       |     3 |       ||     3
       Flail             |       |       |    16 |       ||    16
       Peck              |       |       |     6 |     9 ||    15
       Long sword        |       |       |       |    57 ||    57
       Staff             |       |       |       |     5 ||     5
 Cast: Shock             |    59 |    53 |    74 |    61 ||   247
       Static Discharge  |     7 |     9 |    29 |    60 ||   105
       Airstrike         |       |     4 |    22 |    40 ||    66
       Swiftness         |       |       |       |     1 ||     1
Invok: Vitalisation      |       |       |     2 |     4 ||     6
       Recite            |       |       |     2 |     4 ||     6
Evoke: Wand              |       |       |       |     3 ||     3
  Use: Scroll            |     3 |     4 |     3 |    10 ||    20
 Stab: Sleeping          |       |       |     1 |       ||     1
Armor: Robe              |     2 |     7 |    16 |    31 ||    56
       Leather armour    |     9 |       |       |       ||     9
Dodge: Dodged            |    24 |    29 |    75 |   177 ||   305

Table legend: (Time is in decaauts)
 A = Elapsed time spent in this place.
 B = Non-inter-level travel time spent in this place.
 C = Inter-level travel time spent in this place.
 D = Time resting spent in this place.
 E = Time spent auto-exploring this place.
 F = Levels seen in this place.
 G = Mean time per level.
                   A        B        C        D        E       F      G
               +--------+--------+--------+--------+--------+-----+--------+
         Total |  10991 |  10171 |    820 |   2693 |   1148 |  11 |  999.2 |
       Dungeon |  10566 |   9753 |    813 |   2693 |   1068 |   9 | 1174.0 |
        Temple |     92 |     86 |      6 |      0 |      0 |   1 |   92.0 |
          Lair |    332 |    332 |      0 |      0 |     79 |   1 |  332.0 |
               +--------+--------+--------+--------+--------+-----+--------+

Top non-repeatable levels by time:
     D:9: 1610 daAuts
     D:8: 1575 daAuts
     D:5: 1257 daAuts
     D:7: 1196 daAuts
     D:4: 1146 daAuts
     D:2: 1128 daAuts
     D:6: 1037 daAuts
     D:1: 877 daAuts
     D:3: 736 daAuts
  Lair:1: 332 daAuts
  Temple: 92 daAuts
